 Dungeon Crawl Stone Soup version 0.27-a0-998-g4cfe56dd59 (webtiles) character file.

Game seed: 8123715273387620061

1826 agentchuck the Grave Robber (level 9, -1/65 HPs)
             Began as a Gnoll Necromancer on Apr 16, 2021.
             Slain by a two-headed ogre
             ... wielding a +0 giant club
              (15 damage)
             ... on level 6 of the Dungeon.
             The game lasted 00:37:50 (9482 turns).

agentchuck the Grave Robber (Gnoll Necromancer)     Turns: 9482, Time: 00:37:51

Health: -1/65      AC: 13    Str: 10    XL:     9   Next: 11%
Magic:  18/18      EV: 14    Int: 16    God:
Gold:   339        SH:  0    Dex: 12    Spells: 11/20 levels left

rFire    . . .     SeeInvis .   e - +2 dagger (venom)
rCold    + . .     Faith    .   (no shield)
rNeg     . . .     Spirit   .   c - +0 steam dragon scales
rPois    .         Reflect  .   G - +0 helmet
rElec    .         Harm     .   I - +0 cloak
rCorr    .         Rampage  .   v - +0 pair of gloves
Will     .....                  (no boots)
Stlth    +++.......             r - amulet of magic regeneration
HPRegen  0.20/turn              O - +4 ring of protection
MPRegen  0.41/turn              C - ring of protection from cold

@: no status effects
A: fangs 1, strong nose, distributed training
a: no special abilities


You were on level 6 of the Dungeon.
You visited 2 branches of the dungeon, and saw 7 of its levels.
You also visited: Ossuary.

You collected 339 gold pieces.


Innate Abilities, Weirdness & Mutations

You have very sharp teeth.
Your uncanny sense of smell can sniff out nearby items.
Your experience applies equally to all skills.


   Skills:
 + Level 3.9 Fighting
 + Level 3.9 Short Blades
 + Level 3.9 Long Blades
 + Level 3.9 Axes
 + Level 3.9 Maces & Flails
 + Level 3.9 Polearms
 + Level 3.9 Staves
 + Level 3.9 Slings
 + Level 3.9 Bows
 + Level 3.9 Crossbows
 + Level 3.9 Throwing
 + Level 3.9 Armour
 + Level 6.1 Dodging
 + Level 5.8 Stealth
 + Level 3.9 Shields
 + Level 3.9 Unarmed Combat
 + Level 6.4 Spellcasting
 + Level 3.2 Conjurations
 + Level 3.2 Hexes
 + Level 3.2 Summonings
 + Level 7.9 Necromancy
 + Level 3.2 Translocations
 + Level 3.2 Transmutations
 + Level 3.2 Fire Magic
 + Level 3.2 Ice Magic
 + Level 3.2 Air Magic
 + Level 3.2 Earth Magic
 + Level 3.2 Poison Magic
 + Level 4.3 Invocations
 + Level 3.9 Evocations


You had 11 spell levels left.
You knew the following spells:

 Your Spells              Type           Power      Damage    Failure   Level
v - Vampiric Draining     Necr           15%        2d8       1%          3
y - Agony                 Necr           30%        N/A       14%         5
z - Pain                  Necr           100%       1d9       1%          1

Your spell library contained the following spells:

 Spells                   Type           Power      Damage    Failure   Level
 Animate Skeleton         Necr           60%        N/A       1%          1
 Animate Dead             Necr           15%        N/A       4%          4

Inventory:

Hand Weapons
 e - a +2 dagger of venom (weapon)
 q - a +0 morningstar
 w - a +0 hunting sling
Missiles
 g - 27 sling bullets
 h - 191 stones
 m - 4 boomerangs
 p - 29 poisoned darts (quivered)
Armour
 a - a +0 robe
 c - +0 steam dragon scales (worn)
 i - a +0 ring mail
 v - a +0 pair of gloves (worn)
 G - a +0 helmet (worn)
 I - a +0 cloak (worn)
Jewellery
 r - an amulet of magic regeneration (around neck)
 C - a ring of protection from cold (right hand)
 O - a +4 ring of protection (left hand)
 R - a ring of resist corrosion
 W - a ring of magical power
Wands
 n - a wand of charming (10)
Scrolls
 b - 3 scrolls of teleportation {@r4}
 d - 2 scrolls of blinking
 k - 2 scrolls of magic mapping
 o - 2 scrolls of fog
 u - a scroll of acquirement {unknown}
 y - a scroll of amnesia {unknown}
 D - a scroll of torment {unknown}
 E - a scroll of fear {unknown}
 J - a scroll of identify {@r1}
Potions
 f - a potion of cancellation {unknown}
 j - 3 potions of might
 l - 2 potions of curing {@q1}
 s - 2 potions of brilliance {unknown}
 t - 3 potions of attraction {!q}
 x - a potion of magic {unknown}
 z - a potion of mutation {!q}
 A - 2 potions of flight {unknown}
 B - a potion of resistance {unknown}
 F - a potion of lignification {unknown}

Dungeon Overview and Level Annotations

Branches:
Dungeon (6/15)             Temple (1/1) D:4         Ossuary (visited)

Altars:
Ashenzari
Cheibriados
Dithmenos
Elyvilon
Fedhas
Gozag
Hepliaklqana
Okawaru
Qazlal
Ru
Sif Muna
Trog
Uskayaw
Vehumet
Wu Jian
Xom
Yredelemnul
Zin
The Shining One

Shops:
D:4 [

Annotations:
D:3 2 transporters - manual slings gvault, Zeld's ghost, amateur OpTm
D:4 Menkaure, Menkaure

.....#.#.##...(.#### #.........
.###.#.#.##.....# #..##.##.#
.'...#.#.##....(# #..##.##.#
.#####.######..#########..##.##.#
.# #...# ###..#...(.(.......#..#
.# #.▓.# #....#.##..........#.##
.# ##.▓.###.##.#.######....#.#.#
.# #..▓..##....#O##.......##.#.#
.###.▓▓▓.#######@##.##...(#....#
###..▓.▓..### #.##.##....#..###
#...▓▓.▓▓...####.....#.......#
..▓▓▓...▓▓▓....#####.#....#..####
▓▓▓(......▓▓▓▓.......#...........
..▓▓▓...▓▓▓....#######..#.#######
#...▓▓.▓▓...#### #..#......#
###..▓.▓..### #.........#
##.▓)▓.#############.#########


You could see a two-headed ogre (very poisoned).


Message History

Confirm with . or Enter, or press ? or * to list all spells.
Aiming: Vampiric Draining (safe; 1% risk of failure)
Press: ? - help, Shift-Dir - straight line, f/p - two-headed ogre
Aim: a two-headed ogre, wielding two +0 giant clubs (almost dead, poisoned)
You draw life force from the two-headed ogre.
You feel life coursing into your body.
The two-headed ogre hits you with a +0 giant club!
The two-headed ogre hits you with a +0 giant club!!
* * * LOW HITPOINT WARNING * * *
Casting: Vampiric Draining (safe; 1% risk of failure)
Confirm with . or Enter, or press ? or * to list all spells.
Aiming: Vampiric Draining (safe; 1% risk of failure)
Press: ? - help, Shift-Dir - straight line, f/p - two-headed ogre
Aim: a two-headed ogre, wielding two +0 giant clubs (almost dead, poisoned)
Okay, then.
Unknown command.
You see here a poisoned dart.
Okay, then.
Unknown command.
Throw: 30 darts (poison)
Press: ? - help, Q - select action, (/) - cycle Shift-Dir - straight line, f/p - two-headed ogre
Aim: a two-headed ogre, wielding two +0 giant clubs (almost dead, poisoned, 74% to hit)
You throw a poisoned dart.
The poisoned dart hits the two-headed ogre!
The two-headed ogre looks even sicker.
The two-headed ogre is almost dead.
The two-headed ogre hits you with a +0 giant club!
* * * LOW HITPOINT WARNING * * *
The two-headed ogre hits you with a +0 giant club!
You die...

Skill      XL: |  1  2  3  4  5  6  7  8 |
---------------+-------------------------+-----
Spellcasting   | 5 6 |  6.4
Invocations    | 1 2 3 4 |  4.3
Fighting       | 1 2 3 |  3.9
Short Blades   | 1 2 3 |  3.9
Long Blades    | 1 2 3 |  3.9
Axes           | 1 2 3 |  3.9
Maces & Flails | 1 2 3 |  3.9
Polearms       | 1 2 3 |  3.9
Staves         | 1 2 3 |  3.9
Slings         | 1 2 3 |  3.9
Bows           | 1 2 3 |  3.9
Crossbows      | 1 2 3 |  3.9
Throwing       | 1 2 3 |  3.9
Armour         | 1 2 3 |  3.9
Shields        | 1 2 3 |  3.9
Unarmed Combat | 1 2 3 |  3.9
Evocations     | 1 2 3 |  3.9
Conjurations   | 1 2 3 |  3.2
Hexes          | 1 2 3 |  3.2
Summonings     | 1 2 3 |  3.2
Translocations | 1 2 3 |  3.2
Transmutations | 1 2 3 |  3.2
Fire Magic     | 1 2 3 |  3.2
Ice Magic      | 1 2 3 |  3.2
Air Magic      | 1 2 3 |  3.2
Earth Magic    | 1 2 3 |  3.2
Poison Magic   | 1 2 3 |  3.2
Dodging        | 5 6 |  6.1
Stealth        | 5 |  5.8
Necromancy     | |  7.9

Action                   |  1- 3 |  4- 6 |  7- 9 || total
-------------------------+-------+-------+-------++-------
Melee: Dagger            |       |    39 |   112 ||   151
       Morningstar       |       |    35 |    34 ||    69
       Bite              |       |     9 |    16 ||    25
       Punch             |       |     1 |     2 ||     3
 Fire: Hunting sling     |   147 |    60 |    90 ||   297
Throw: Dart              |     2 |    19 |    46 ||    67
 Cast: Pain              |    23 |     3 |     3 ||    29
       Vampiric Draining |     3 |       |     1 ||     4
  Use: Potion            |     1 |     1 |       ||     2
       Scroll            |       |     4 |     5 ||     9
 Stab: Sleeping          |       |       |     2 ||     2
Armor: Robe              |     6 |       |       ||     6
       Ring mail         |    25 |    18 |    35 ||    78
       Steam dragon scal |       |       |    22 ||    22
Dodge: Dodged            |    40 |    49 |   105 ||   194

Levels and vault maps discovered:
D:1:      scummos_arrival_simple_crosswalls, layout_basic,
          minmay_misc_feat_nine_boxes, minmay_3d_cube
D:2:      layout_basic, serial_forest, infiniplex_forest_clump_C,
          infiniplex_forest_zigzag_1, infiniplex_forest_lined_corner,
          infiniplex_forest_end_1, infiniplex_forest_lined_1,
          infiniplex_forest_clump_diagonal,
          shapermc_ecumenical_altar_starsandcircs
D:3:      cheibrodos_thug_alley, layout_rooms, amcnicky_altar_gilded,
          gammafunk_ghost_gnarly_gnolls, hangedman_abyss_or_decor_stabs
D:4:      layout_cave_pools, general_overflow_altar,
          nicolae_ashenzari_panopticon, minmay_temple_entry_glass,
          enter_ossuary_2, serial_shops, shop, uniq_menkaure
D:5:      layout_loops_corners, minivault_23
D:6:      minmay_general_purpose_star, layout_basic,
          grunt_temple_overflow_diamond, kennysheep_potato,
          uniq_crazy_yiuf_cottage
Temple:   nicolae_temple_figure_eight

Notes
Turn   | Place    | Note
-------+----------+-------------------------------------------
     0 | D:1      | agentchuck the Gnoll Necromancer began the quest for the
                  | Orb.
     0 | D:1      | Reached XP level 1. HP: 13/13 MP: 6/6
   467 | D:1      | Reached XP level 2. HP: 17/19 MP: 4/7
   891 | D:2      | Reached XP level 3. HP: 20/25 MP: 3/9
  1120 | D:2      | Reached skill level 5 in Spellcasting
  1124 | D:2      | Learned a level 3 spell: Vampiric Draining
  1459 | D:2      | Found a faded altar of an unknown god.
  1784 | D:3      | Found an ornate altar of the Wu Jian Council.
  1807 | D:3      | Reached skill level 1 in Invocations
  2017 | D:3      | Reached skill level 1 in Fighting
  2017 | D:3      | Reached skill level 1 in Short Blades
  2017 | D:3      | Reached skill level 1 in Long Blades
  2017 | D:3      | Reached skill level 1 in Axes
  2017 | D:3      | Reached skill level 1 in Maces & Flails
  2017 | D:3      | Reached skill level 1 in Polearms
  2017 | D:3      | Reached skill level 1 in Staves
  2017 | D:3      | Reached skill level 1 in Slings
  2017 | D:3      | Reached skill level 1 in Bows
  2017 | D:3      | Reached skill level 1 in Crossbows
  2017 | D:3      | Reached skill level 1 in Throwing
  2017 | D:3      | Reached skill level 1 in Armour
  2017 | D:3      | Reached skill level 1 in Shields
  2017 | D:3      | Reached skill level 1 in Unarmed Combat
  2017 | D:3      | Reached skill level 1 in Evocations
  2320 | D:3      | Noticed a kobold brigand
  2327 | D:3      | Killed a kobold brigand
  2328 | D:3      | Reached skill level 1 in Conjurations
  2328 | D:3      | Reached skill level 1 in Hexes
  2328 | D:3      | Reached skill level 1 in Summonings
  2328 | D:3      | Reached skill level 1 in Translocations
  2328 | D:3      | Reached skill level 1 in Transmutations
  2328 | D:3      | Reached skill level 1 in Fire Magic
  2328 | D:3      | Reached skill level 1 in Ice Magic
  2328 | D:3      | Reached skill level 1 in Air Magic
  2328 | D:3      | Reached skill level 1 in Earth Magic
  2328 | D:3      | Reached skill level 1 in Poison Magic
  2328 | D:3      | Reached XP level 4. HP: 14/32 MP: 11/11
  2328 | D:3      | Reached XP level 5. HP: 16/37 MP: 11/12
  2649 | D:3      | Found a transporter.
  2658 | D:3      | Noticed Zeld's ghost (amateur OpTm)
  2737 | D:3      | Found a transporter.
  2785 | D:4      | Found a broken altar of Ashenzari.
  3113 | D:4      | Found Taechaecw's Armour Emporium.
  3158 | D:4      | Noticed Menkaure
  3165 | D:4      | Found a staircase to the Ecumenical Temple.
  3185 | D:4      | Found a sand-covered staircase.
  3190 | Ossuary  | Entered an ossuary
  3273 | Ossuary  | Reached skill level 2 in Invocations
  3273 | Ossuary  | Reached XP level 6. HP: 32/44 MP: 13/13
  3751 | Ossuary  | Reached skill level 2 in Fighting
  3751 | Ossuary  | Reached skill level 2 in Short Blades
  3751 | Ossuary  | Reached skill level 2 in Long Blades
  3751 | Ossuary  | Reached skill level 2 in Axes
  3751 | Ossuary  | Reached skill level 2 in Maces & Flails
  3751 | Ossuary  | Reached skill level 2 in Polearms
  3751 | Ossuary  | Reached skill level 2 in Staves
  3751 | Ossuary  | Reached skill level 2 in Slings
  3751 | Ossuary  | Reached skill level 2 in Bows
  3751 | Ossuary  | Reached skill level 2 in Crossbows
  3751 | Ossuary  | Reached skill level 2 in Throwing
  3751 | Ossuary  | Reached skill level 2 in Armour
  3751 | Ossuary  | Reached skill level 5 in Dodging
  3751 | Ossuary  | Reached skill level 2 in Shields
  3751 | Ossuary  | Reached skill level 2 in Unarmed Combat
  3751 | Ossuary  | Reached skill level 2 in Evocations
  4011 | Ossuary  | Reached XP level 7. HP: 50/50 MP: 15/15
  4109 | Ossuary  | Reached skill level 2 in Conjurations
  4109 | Ossuary  | Reached skill level 2 in Hexes
  4109 | Ossuary  | Reached skill level 2 in Summonings
  4109 | Ossuary  | Reached skill level 2 in Translocations
  4109 | Ossuary  | Reached skill level 2 in Transmutations
  4109 | Ossuary  | Reached skill level 2 in Fire Magic
  4109 | Ossuary  | Reached skill level 2 in Ice Magic
  4109 | Ossuary  | Reached skill level 2 in Air Magic
  4109 | Ossuary  | Reached skill level 2 in Earth Magic
  4109 | Ossuary  | Reached skill level 2 in Poison Magic
  4323 | Ossuary  | Reached skill level 5 in Stealth
  4484 | Ossuary  | Reached skill level 3 in Invocations
  4781 | Temple   | Entered the Ecumenical Temple
  5157 | D:4      | Found a stormy altar of Qazlal.
  5257 | D:5      | Entered Level 5 of the Dungeon
  5633 | D:5      | Reached XP level 8. HP: 56/57 MP: 16/16
  6001 | D:5      | Reached skill level 3 in Fighting
  6001 | D:5      | Reached skill level 3 in Short Blades
  6001 | D:5      | Reached skill level 3 in Long Blades
  6001 | D:5      | Reached skill level 3 in Axes
  6001 | D:5      | Reached skill level 3 in Maces & Flails
  6001 | D:5      | Reached skill level 3 in Polearms
  6001 | D:5      | Reached skill level 3 in Staves
  6001 | D:5      | Reached skill level 3 in Slings
  6001 | D:5      | Reached skill level 3 in Bows
  6001 | D:5      | Reached skill level 3 in Crossbows
  6001 | D:5      | Reached skill level 3 in Throwing
  6001 | D:5      | Reached skill level 3 in Armour
  6001 | D:5      | Reached skill level 3 in Shields
  6001 | D:5      | Reached skill level 3 in Unarmed Combat
  6001 | D:5      | Reached skill level 3 in Evocations
  6080 | D:5      | Reached skill level 6 in Spellcasting
  6469 | D:5      | Learned a level 5 spell: Agony
  7991 | D:6      | Noticed a two-headed ogre
  8024 | D:5      | Reached skill level 3 in Conjurations
  8024 | D:5      | Reached skill level 3 in Hexes
  8024 | D:5      | Reached skill level 3 in Summonings
  8024 | D:5      | Reached skill level 3 in Translocations
  8024 | D:5      | Reached skill level 3 in Transmutations
  8024 | D:5      | Reached skill level 3 in Fire Magic
  8024 | D:5      | Reached skill level 3 in Ice Magic
  8024 | D:5      | Reached skill level 3 in Air Magic
  8024 | D:5      | Reached skill level 3 in Earth Magic
  8024 | D:5      | Reached skill level 3 in Poison Magic
  8024 | D:5      | Reached skill level 4 in Invocations
  8176 | D:6      | Reached skill level 6 in Dodging
  8192 | D:6      | Reached XP level 9. HP: 49/65 MP: 18/18
  8902 | D:6      | Found a runed translucent door.
  8903 | D:6      | Noticed Crazy Yiuf
  8910 | D:6      | Killed Crazy Yiuf
  9339 | D:6      | Found a hazy altar of Hepliaklqana.
  9341 | D:6      | Found a shadowy altar of Dithmenos.
  9343 | D:6      | Found a glowing silver altar of Zin.
  9482 | D:6      | Slain by a two-headed ogre

Vanquished Creatures
  A steam dragon (D:5)
  4 ogres
  A kobold brigand (D:3)
  11 scorpions
  A wyvern zombie (D:6)
  A howler monkey (D:4)
  2 centaur zombies (Ossuary)
  2 jellies
  Crazy Yiuf (D:6)
  An iguana (D:5)
  4 orc priests
  2 orc wizards
  3 scorpion zombies (Ossuary)
  3 mummies (Ossuary)
  3 gnolls
  2 adders
  2 ufetubi
  15 orcs
  7 endoplasms
  6 giant cockroaches
  A gnoll zombie (Ossuary)
  5 goblins
  6 hobgoblins
  2 jackals (D:2)
  2 quokkas (D:1)
  3 ball pythons
  4 bats
  2 frilled lizards (D:1)
  2 goblin zombies (Ossuary)
  A hobgoblin zombie (Ossuary)
  11 kobolds
  3 orc zombies (Ossuary)
  7 rats
121 creatures vanquished.

Vanquished Creatures (others)
  A plant (D:3)
1 creature vanquished.

Grand Total: 122 creatures vanquished

Table legend: (Time is in decaauts)
 A = Elapsed time spent in this place.
 B = Non-inter-level travel time spent in this place.
 C = Inter-level travel time spent in this place.
 D = Time resting spent in this place.
 E = Time spent auto-exploring this place.
 F = Levels seen in this place.
 G = Mean time per level.
                   A        B        C        D        E       F      G
               +--------+--------+--------+--------+--------+-----+--------+
         Total |   9493 |   9118 |    375 |   2984 |   2579 |   8 | 1186.6 |
       Dungeon |   7702 |   7351 |    351 |   2102 |   2372 |   6 | 1283.7 |
        Temple |    232 |    208 |     24 |      0 |    207 |   1 |  232.0 |
       Ossuary |   1558 |   1558 |      0 |    881 |      0 |   1 | 1558.0 |
               +--------+--------+--------+--------+--------+-----+--------+

Top non-repeatable levels by time:
     D:6: 2134 daAuts
     D:5: 1673 daAuts
 Ossuary: 1558 daAuts
     D:3: 1050 daAuts
     D:4: 1045 daAuts
     D:2: 958 daAuts
     D:1: 840 daAuts
  Temple: 232 daAuts

Table legend:
 A = Non-vault XP
 B = Vault XP
 C = Vault XP percentage of total XP
 D = Non-vault monster count
 E = Vault monster count
 F = Vault count percentage of total count
                 A         B        C        D         E       F
            +---------+---------+-------+---------+---------+-------
      Total |    1431 |    1178 |  45.2 |      81 |      39 |  32.5
            +---------+---------+-------+---------+---------+-------
        D:1 |      26 |       6 |  18.8 |      16 |       4 |  20.0
        D:2 |      18 |       0 |   0.0 |      10 |       0 |   0.0
        D:3 |      33 |     116 |  77.9 |      15 |       9 |  37.5
        D:4 |     133 |       0 |   0.0 |      11 |       0 |   0.0
        D:5 |     772 |     121 |  13.5 |      16 |       1 |   5.9
        D:6 |     449 |      99 |  18.1 |      13 |       3 |  18.8
    Ossuary |       0 |     836 | 100.0 |       0 |      22 | 100.0
            +---------+---------+-------+---------+---------+-------
